 Dungeon Sprint DCSS version 0.24.0-125-gc4c63601f3 (webtiles) character file.

Game seed: 5856078077060856958, levelgen mode: deterministic

8628 Ponchio the Eclecticist (level 11, -10/76 HPs)
             Began as a Deep Elf Earth Elementalist on Feb 17, 2020.
             Was a High Priest of Vehumet.
             Mangled by a demonic crawler (13 damage)
             ... in the Dungeon (Sprint I: "Red Sonja").
             The game lasted 00:11:45 (1805 turns).

Ponchio the Eclecticist (DEEE)                      Turns: 1805, Time: 00:11:45

Health: -10/76     AC:  3    Str:  5    XL:     11   Next: 12%
Magic:  3/34       EV: 21    Int: 24    God:    Vehumet [*****.]
Gold:   1032       SH:  0    Dex: 15    Spells: 30/45 levels left

rFire    . . .     SeeInvis .   (no weapon)
rCold    . . .     Gourm    .   (no shield)
rNeg     . . .     Faith    .   c - +0 robe
rPois    .         Spirit   .   (no helmet)
rElec    .         Reflect  .   (no cloak)
rCorr    .         Harm     .   m - +0 pair of gloves
MR       +....     Rnd*Rage +   p - +0 pair of boots Stlth ++........NoTele +
                                (no amulet)
HPRegen  0.22/turn              (no ring)
MPRegen  0.24/turn              (no ring)

@: very slightly contaminated
A: berserk 1, deformed body, no potion heal 1, subdued magic 1
a: Renounce Religion


You were in the Dungeon.
You worshipped Vehumet.
Vehumet was extremely pleased with you.
You were hungry.

You visited 1 branch You collected 1032 gold pieces.

Inventory:

Missiles
 b - 60 stones (quivered)
Armour
 a - a +4 ring mail of fire resistance
 c - a +0 robe (worn)
 m - a +0 pair of gloves (worn)
 p - a +0 pair of boots (worn)
Scrolls
 k - 2 scrolls of magic mapping
 l - 3 scrolls of remove curse {unknown}
Potions
 e - 3 potions of curing
 f - a potion of heal wounds
 g - a potion of haste
 h - 2 potions of magic
 i - a potion of might {unknown}
 n - 2 potions of brilliance {unknown}
 o - a potion of cancellation {unknown}
Comestibles
 d - a ration


   Skills:
 * Level 11.9 Fighting
 + Level 12.2 Dodging
 - Level 2.4 Stealth
 - Level 17.5 Spellcasting
 - Level 1.1 Transmutations
 - Level 16.6 Earth Magic


You had 30 spell levels left.
You knew the following spells:

 Your Spells              Type           Power        Failure   Level  Hunger
a - Sandblast             Erth           ######       0%          1    None
b - Passwall              Tmut/Erth      #####...     1%          2    None
c - Stone Arrow           Conj/Erth      #####.       1%          3    None
d - Petrify               Tmut/Erth      #####...     1%          4    None
e - Lee's Rapid Deconstr  Erth           ######....   1%          5    None

Your spell library contained the following spells:

 Spells                   Type           Power        Failure   Level  Hunger
 Ozocubu's Refrigeration  Ice            ###.......   63%         6    ####...


Dungeon Overview and Level Annotations

Branches:
Dungeon (1/1)

Altars:
Cheibriados
Dithmenos
Elyvilon
Fedhas
Gozag
Hepliaklqana
Kikubaaqudgha
Makhleb
Nemelex Xobeh
Okawaru
Qazlal
Ru
Sif Muna
Trog
Uskayaw
Vehumet
Wu Jian
Xom
Yredelemnul
Zin
The Shining One
Jiyva
Lugonu

Shops:
D [}*=!![


Innate Abilities, Weirdness & Mutations

You tend to lose your temper in combat.
Armour fits poorly on your strangely shaped body.
Potions are less effective at restoring your health.
Your spells are a little easier to cast, but a little less powerful.


Message History

A rock wall.
The wall shatters!
The blast of rock fragments hits the demonic crawler!
The demonic crawler is severely wounded.
The blast of rock fragments hits the demonic crawler!!
You kill the demonic crawler!
Vehumet accepts your kill.
You feel your power returning. The demonic crawler hits you.
* * * LOW HITPOINT WARNING * * *
The demonic crawler misses you. x2
Casting: Lee's Rapid Deconstruction (safe; 1% risk of failure)
Confirm with . or Enter, or press ? or * to list all spells.
Aiming: Lee's Rapid Deconstruction (safe; 1% risk of failure)
Press: ? - help, Dir - move target cursor A rock wall.
The wall shatters!
The blast of rock fragments hits the demonic crawler but does no damage.
The demonic crawler is severely wounded.
The demonic crawler hits you!
You die...

##########################
#<.#..)..#..'..#__#..).).#
#..'..#..@s†#..'†.'..#...#
#..#####'#####'#__####...'
#..####..#...#(####.§#####
#..#__####..##.#§§≈..#..#*
#..#_____##'#_.§§≈§.§'..#,
#⌠⌠#_.∩...'..._#§≈≈..#..#,
####_..__##_.#'##§#####'##
*,,#_____###'#.#.§..###.'.
############.####'###)###.


You could see a demonic crawler.

Vanquished Creatures
  2 centaur warriors (D)
  Sonja (D)
  A deep troll (D)
  An oklob plant (D)
  8 shining eyes (D)
  2 kobold demonologists (D)
  3 demonic crawlers (D)
  A hornet (D)
  A slime creature (D)
  2 redbacks (D)
  Sigmund (D)
  A yak (D)
  5 floating eyes (D)
  An ogre (D)
  A jelly (D)
  Ijyb (D)
  2 ballistomycete spores (D)
34 creatures vanquished.

Notes
Turn   | Place    | Note
-------+----------+-------------------------------------------
     0 | D        | Ponchio the Deep Elf Earth Elementalist began the quest for
                  | the Orb.
     0 | D        | Reached XP level 1. HP: 10/10 MP: 6/6
     2 | D        | Noticed Ijyb
    22 | D        | Killed Ijyb
    22 | D        | Reached skill level 5 in Spellcasting
    22 | D        | Reached XP level 2. HP: 9/15 MP: 7/10
   179 | D        | Learned a level 2 spell: Passwall
   182 | D        | Noticed an ogre
   185 | D        | Killed an ogre
   185 | D        | Reached skill level 7 in Spellcasting
   185 | D        | Reached XP level 3. HP: 19/19 MP: 8/14
   185 | D        | Reached XP level 4. HP: 24/24 MP: 8/15
   237 | D        | Learned a level 3 spell: Stone Arrow
   242 | D        | Learned a level 4 spell: Petrify
   355 | D        | Noticed Sigmund
   357 | D        | Killed Sigmund
   357 | D        | Reached skill level 9 in Spellcasting
   357 | D        | Reached XP level 5. HP: 28/28 MP: 14/19
   367 | D        | Learned a level 5 spell: Lee's Rapid Deconstruction
   400 | D        | Found an ornate altar of the Wu Jian Council.
   400 | D        | Found a shimmering blue altar of Sif Muna.
   402 | D        | Reached skill level 10 in Spellcasting
   402 | D        | Reached XP level 6. HP: 32/32 MP: 15/21
   438 | D        | Found a radiant altar of Vehumet.
   448 | D        | Became a worshipper of Vehumet
   466 | D        | Found Ageeku's Jewellery Emporium.
   466 | D        | Found an ancient bone altar of Kikubaaqudgha.
   466 | D        | Found a hazy altar of Hepliaklqana.
   466 | D        | Found a stormy altar of Qazlal.
   466 | D        | Found a hide-covered altar of Uskayaw.
   466 | D        | Found a blossoming altar of Fedhas.
   466 | D        | Found a bloodstained altar of Trog.
   466 | D        | Found an iron altar of Okawaru.
   466 | D        | Found a basalt altar of Yredelemnul.
   466 | D        | Found a glowing golden altar of the Shining One.
   466 | D        | Found a snail-covered altar of Cheibriados.
   466 | D        | Found a sacrificial altar of Ru.
   466 | D        | Found a glowing silver altar of Zin.
   466 | D        | Found a shadowy altar of Dithmenos.
   466 | D        | Found a white marble altar of Elyvilon.
   466 | D        | Noticed a yak
   469 | D        | Killed a yak
   469 | D        | Reached skill level 11 in Spellcasting
   556 | D        | Found an opulent altar of Gozag.
   557 | D        | Found a sparkling altar of Nemelex Xobeh.
   583 | D        | Found a burning altar of Makhleb.
   583 | D        | Found a viscous altar of Jiyva.
   583 | D        | Found a shimmering altar of Xom.
   583 | D        | Found a corrupted altar of Lugonu.
   583 | D        | Noticed a slime creature
   586 | D        | Killed a slime creature
   586 | D        | Reached skill level 12 in Spellcasting
   586 | D        | Reached XP level 7. HP: 36/36 MP: 13/25
   658 | D        | Noticed a kobold demonologist
   658 | D        | Noticed a kobold demonologist
   659 | D        | Killed a kobold demonologist
   659 | D        | Reached * piety under Vehumet
   659 | D        | Offered knowledge of Sting by Vehumet.
   659 | D        | Reached skill level 13 in Spellcasting
   659 | D        | Reached skill level 14 in Spellcasting
   661 | D        | Killed a kobold demonologist
   661 | D        | Reached XP level 8. HP: 41/41 MP: 10/28
   766 | D        | Noticed a centaur warrior
   768 | D        | Noticed a centaur warrior
   773 | D        | Killed a centaur warrior
   773 | D        | Reached ** piety under Vehumet
   773 | D        | Reached skill level 16 in Spellcasting
   773 | D        | Reached skill level 15 in Earth Magic
   774 | D        | Killed a centaur warrior
   774 | D        | Reached skill level 17 in Spellcasting
   774 | D        | Reached XP level 9. HP: 31/45 MP: 5/32
   938 | D        | Offered knowledge of Magic Dart by Vehumet.
   982 | D        | Noticed an oklob plant
   985 | D        | Killed an oklob plant
   985 | D        | Reached skill level 5 in Dodging
  1115 | D        | Reached *** piety under Vehumet
  1115 | D        | Offered knowledge of Static Discharge by Vehumet.
  1116 | D        | Reached skill level 5 in Fighting
  1203 | D        | Noticed a deep troll
  1213 | D        | Killed a deep troll
  1213 | D        | Reached XP level 10. HP: 61/61 MP: 21/33
  1231 | D        | Found Cupnom's Armour Emporium.
  1243 | D        | Noticed Sonja
  1245 | D        | Killed Sonja
  1245 | D        | Offered knowledge of Fulminant Prism by Vehumet.
  1245 | D        | Reached **** piety under Vehumet
  1375 | D        | Found Ciho's Armour Boutique.
  1469 | D        | Noticed a shining eye
  1469 | D        | Noticed a shining eye
  1469 | D        | Noticed a shining eye
  1470 | D        | Gained mutation: You tend to lose your temper in combat. [a
                  | shining eye]
  1471 | D        | Gained mutation: Potions are less effective at restoring
                  | your health. [a shining eye]
  1471 | D        | Gained mutation: Armour fits poorly on your strangely
                  | shaped body. [a shining eye]
  1474 | D        | Offered knowledge of Ignite Poison by Vehumet.
  1477 | D        | Killed a shining eye
  1477 | D        | Killed a shining eye
  1478 | D        | Killed a shining eye
  1478 | D        | Reached ***** piety under Vehumet
  1478 | D        | Reached skill level 10 in Dodging
  1485 | D        | Killed a shining eye
  1485 | D        | Reached skill level 10 in Fighting
  1588 | D        | Noticed a shining eye
  1600 | D        | Killed a shining eye
  1619 | D        | Noticed a shining eye
  1621 | D        | Killed a shining eye
  1621 | D        | Noticed a shining eye
  1622 | D        | Killed a shining eye
  1630 | D        | Noticed a shining eye
  1631 | D        | Gained mutation: Your spells are a little easier to cast,
                  | but a little less powerful. [a shining eye]
  1632 | D        | Killed a shining eye
  1632 | D        | Offered knowledge of Ozocubu's Refrigeration by Vehumet.
  1632 | D        | Reached XP level 11. HP: 74/74 MP: 13/34
  1734 | D        | Found Gucanaugam's Gadget Shoppe.
  1734 | D        | Found Doliuvus's Distillery.
  1734 | D        | Found Qigownik's Assorted Antiques.
  1734 | D        | Found Liotuv's Distillery.
  1804 | D        | HP: 3/76 [demonic crawler (3)]
  1805 | D        | Mangled by a demonic crawler

Levels and vault maps discovered:
D:        dungeon_sprint_1 [red_sonja_temple_1, red_sonja_temple_small_1]

Skill      XL: |  1  2  3  4  5  6  7  8  9 10 11 |
---------------+----------------------------------+-----
Spellcasting   | 5 7 9 10 12 14 17 | 17.5
Earth Magic    | 6 8 11 13 14 16 | 16.6
Fighting       | 6 11 | 11.9
Dodging        | 7 11 12 | 12.2
Stealth        | |  2.4
Transmutations | |  1.1

Action                   |  1- 3 |  4- 6 |  7- 9 | 10-12 || total
-------------------------+-------+-------+-------+-------++-------
Melee: Unarmed           |    17 |       |       |       ||    17
 Cast: Sandblast         |     2 |     3 |       |       ||     5
       Lee's Rapid Decon |       |     5 |    18 |    27 ||    50
  Use: Potion            |     1 |       |       |     1 ||     2
       Scroll            |       |     1 |     1 |     1 ||     3
  Eat: Ration            |       |       |     1 |       ||     1
Armor: Robe              |       |       |       |     2 ||     2
Dodge: Dodged            |     7 |     1 |     2 |    20 ||    30
